 Dungeon Crawl Stone Soup version 0.29.0-10-g45618ea6d2 (webtiles) character file.

Game seed: 9467053477151733513

21 SensoryNuts the Trooper (level 2, 0/24 HPs)
             Began as a Demonspawn Fighter on Sept 1, 2022.
             Frozen to death by an endoplasm (5 damage)
             ... on level 1 of the Dungeon.
             The game lasted 00:00:28 (609 turns).

SensoryNuts the Trooper (Demonspawn Fighter)         Turns: 609, Time: 00:00:28

Health: 0/24       AC: 12    Str: 16    XL:     2   Next: 65%
Magic:  2/2        EV:  8    Int:  9    God:
Gold:   0          SH:  4    Dex: 12    Spells: 1/1 levels left

rFire   . . .      SeeInvis .   a - +0 long sword
rCold   . . .      Faith    .   c - +0 buckler
rNeg    . . .      Spirit   .   b - +0 scale mail
rPois   .          Reflect  .   (no helmet)
rElec   .          Harm     .   (no cloak)
rCorr   .          Rampage  .   (no gloves)
Will    .....                   (no boots)
Stlth   ..........              (no amulet)
HPRegen 0.08/turn               (no ring)
MPRegen 0.08/turn               (no ring)

@: sanguine armoured
A: sanguine armour 1
a: no special abilities


You were on level 1 of the Dungeon.
You visited 1 branch of the dungeon, and saw 1 of its levels.

Inventory:

Hand Weapons
 a - a +0 long sword (weapon)
Armour
 b - a +0 scale mail (worn)
 c - a +0 buckler (worn)
Jewellery
 i - a ring of magical power
Scrolls
 e - a scroll of fear {unknown}
 f - a scroll of teleportation {unknown}
 h - a scroll of fog {unknown}
Potions
 d - a potion of might
 g - a potion of curing {unknown}


   Skills:
 + Level 3.1 Fighting
 * Level 2.3 Long Blades
 + Level 2.8 Armour
 + Level 3.0 Shields


You had one spell level left.
You didn't know any spells.
Your spell library contained the following spells:

 Spells                   Type           Power      Damage    Failure   Level
 Ensorcelled Hibernation  Hex/Ice        0%         N/A       96%         2
 Passwall                 Tmut/Erth      0%         N/A       96%         2
 Swiftness                Air            0%         N/A       99%         3


Dungeon Overview and Level Annotations

Branches:
Dungeon (1/15)

Altars:


Innate Abilities, Weirdness & Mutations

When seriously injured, your blood forms armour. (AC +6)


Message History

The hobgoblin hits you but does no damage.
You swing at nothing.
The bat closely misses you. The hobgoblin closely misses you.
The kobold hits you but does no damage.
The hobgoblin hits you but does no damage.
You hit the kobold but do no damage. The hobgoblin hits you.
The kobold hits you but does no damage.
You miss the kobold.
The hobgoblin hits you but does no damage.
The kobold barely misses you.
You miss the kobold. The hobgoblin barely misses you.
The kobold hits you but does no damage. The kobold barely misses you.
The hobgoblin hits you but does no damage.
You barely miss the kobold.
The hobgoblin hits you but does no damage.
You block the kobold's attack.
You hit the kobold but do no damage. You block the hobgoblin's attack.
The kobold hits you but does no damage.
You hit the kobold.
You kill the kobold!
The bat barely misses you. The bat hits you but does no damage.
You block the hobgoblin's attack. The bat hits you but does no damage.
The hobgoblin barely misses you.
You closely miss the bat. The bat hits you but does no damage.
The hobgoblin hits you but does no damage.
You hit the endoplasm but do no damage. You block the hobgoblin's attack.
The endoplasm closely misses you.
You barely miss the endoplasm. The hobgoblin barely misses you.
The endoplasm freezes you.
You are frozen.
* * * LOW HITPOINT WARNING * * *
The hobgoblin hits you but does no damage.
The endoplasm closely misses you.
You barely miss the endoplasm.
The hobgoblin hits you but does no damage.
You block the endoplasm's attack.
You barely miss the endoplasm.
The hobgoblin hits you but does no damage.
The endoplasm freezes you.
You are frozen.
You die...

#.......#
######.......#
#............#
#.####.......#
#.####.......####
#...............#
######.###.#####.####
###..# #.#
#..........# #....#
#.# #.###@####.#
.....# #.# ..#(gJ# #
.....# #.# ..#[rb#
.##..# #.##..###..
###..# ....... ...
#.<# #(.# .#.. ###..#
$ .. .##..# ## .##
.....#


You could see an endoplasm, a hobgoblin, a bat and a rat.

Vanquished Creatures
  5 ball pythons (D:1)
  2 endoplasms (D:1)
  A giant cockroach (D:1)
  2 hobgoblins (D:1)
  A quokka (D:1)
  2 bats (D:1)
  2 frilled lizards (D:1)
  3 kobolds (D:1)
  3 rats (D:1)
21 creatures vanquished.

Notes
Turn   | Place    | Note
-------+----------+-------------------------------------------
     0 | D:1      | SensoryNuts the Demonspawn Fighter began the quest for the
                  | Orb.
     0 | D:1      | Reached XP level 1. HP: 18/18 MP: 1/1
   241 | D:1      | Gained mutation: When seriously injured, your blood forms
                  | armour. (AC +6) [demonic ancestry]
   241 | D:1      | Reached XP level 2. HP: 22/24 MP: 2/2
   609 | D:1      | Frozen to death by an endoplasm

Illustrated notes

Levels and vault maps discovered:
D:1:      lemuel_arrival_funnel, layout_loops_ring, minmay_octomino_c4

Skill      XL: |  1  2 |
---------------+-------+-----
Long Blades    | 2 |  2.3
Shields        | 3 |  3.0
Fighting       | |  3.1
Armour         | |  2.8

Action                   || total
-------------------------++-------
Melee: Long sword        ||    83
Armor: Scale mail        ||    73
Dodge: Dodged            ||    42
Block: Buckler           ||    25
